 Dungeon Crawl Stone Soup version 0.24.0-37-gcf1ca852f1 (webtiles) character file.

Game seed: 13946314718800701616, levelgen mode: deterministic

13699 Mrkan the Bringer of Light (level 11, 0/115 HPs)
             Began as a Troll Monk on Nov 26, 2019.
             Was the Champion of the Shining One.
             Killed from afar by Jorgrun (35 damage)
             ... with an iron shot
             ... on level 12 of the Dungeon.
             The game lasted 00:22:40 (10205 turns).

Mrkan the Bringer of Light (Troll Monk)            Turns: 10205, Time: 00:22:41

Health: 0/115      AC:  9    Str: 21    XL:     11   Next: 79%
Magic:  18/18      EV: 14    Int:  9    God:    the Shining One [******]
Gold:   891        SH: 19    Dex: 12    Spells: 10/10 levels left

rFire    . . .     SeeInvis .     - Unarmed
rCold    . . .     Gourm    +   a - +1 large shield {reflect}
rNeg     + + +     Faith    .   J - +0 robe {MR+}
rPois    .         Spirit   .   l - +2 hat
rElec    .         Reflect  +   j - +0 cloak
rCorr    .         Harm     .   (gloves unavailable)
MR       +....                  (boots unavailable)
Stlth    +.........             c - +4 amulet of reflection
HPRegen  0.69/turn              g - +4 ring of evasion
MPRegen  0.16/turn              x - +3 ring of evasion

@: glowing
A: large, unfitting armour, claws 3, fast metabolism 3, gourmand, regeneration
1, shaggy fur 1, tough skin 3
a: Divine Shield, Cleansing Flame, Summon Divine Warrior, Brand Weapon With Holy
Wrath, Renounce Religion


You were on level 12 of the Dungeon.
You worshipped the Shining One.
The Shining One was exalted by your worship.
You were full.

You visited 1 branch of the dungeon, and saw 12 of its levels.
You also visited: Sewer.

You collected 891 gold pieces.

Inventory:

Missiles
 k - 18 javelins (quivered)
 y - 4 large rocks
Armour
 a - a +1 large shield of reflection (worn)
 j - a +0 cloak (worn)
 l - a +2 hat (worn)
 J - a +0 robe of magic resistance (worn)
Jewellery
 c - a +4 amulet of reflection (around neck)
 g - a +4 ring of evasion (left claw)
 s - an uncursed ring of wizardry
 x - a +3 ring of evasion (right claw)
 B - an uncursed ring of ice
Wands
 r - a wand of flame (30)
 F - a wand of paralysis (16)
 K - a wand of iceblast (4)
Scrolls
 e - 6 scrolls of remove curse
 f - 5 scrolls of immolation
 h - 2 scrolls of magic mapping
 m - a scroll of blinking
 A - 2 scrolls of fog
 E - a scroll of vulnerability {unknown}
 G - 3 scrolls of enchant weapon {unknown}
 H - a scroll of holy word {unknown}
Potions
 d - 3 potions of flight
 i - 2 potions of curing
 n - a potion of invisibility
 o - a potion of berserk rage {unknown}
 p - 2 potions of mutation {unknown}
 q - a potion of lignification {unknown}
 t - 3 potions of magic
 u - 3 potions of agility
 v - 3 potions of haste
 w - 9 potions of degeneration
 z - a potion of heal wounds {unknown}
 C - 4 potions of might
 D - a potion of brilliance
 I - 2 potions of ambrosia {unknown}
Comestibles
 b - 26 rations


   Skills:
 + Level 9.4 Fighting
 - Level 2.4 Dodging
 - Level 1.0 Stealth
 + Level 4.0 Shields
 - Level 10.1 Unarmed Combat
 * Level 10.7 Invocations


You had 10 spell levels left.
You didn't know any spells.
Your spell library contained the following spells:

 Spells                   Type           Power        Failure   Level  Hunger
 Animate Skeleton         Necr           N/A          99%         1    ##.....
 Corona                   Hex            #......      99%         1    ##.....
 Magic Dart               Conj           #...         99%         1    ##.....
 Pain                     Necr           #...         99%         1    ##.....
 Blink                    Tloc           N/A          100%        2    ###....
 Call Imp                 Summ           #.......     100%        2    ###....
 Slow                     Hex            #.......     100%        2    ###....
 Conjure Flame            Conj/Fire      #.......     100%        3    ####...
 Inner Flame              Hex/Fire       #.......     100%        3    ####...
 Mephitic Cloud           Conj/Pois/Air  #.......     100%        3    ####...
 Portal Projectile        Hex/Tloc       #.....       100%        3    ####...
 Regeneration             Chrm/Necr      #.........   100%        3    ####...
 Vampiric Draining        Necr           #.........   100%        3    ####...
 Animate Dead             Necr           N/A          100%        4    #####..
 Cause Fear               Hex            #.........   100%        4    #####..
 Leda's Liquefaction      Hex/Erth       #.........   100%        4    #####..


Dungeon Overview and Level Annotations

Branches:
Dungeon (12/15)            Temple (0/1) D:7            Lair (0/6) D:8
    Orc (0/2) D:11          Sewer (visited)

Altars:
Elyvilon
Gozag
Kikubaaqudgha
Qazlal
Sif Muna
Trog
The Shining One
Beogh

Shops:
D:5 *   D:9 ?

Annotations:
D:3 1 runed translucent door, plexdo's ghost, amateur DrTm
D:12 Jorgrun


Innate Abilities, Weirdness & Mutations

You are too large for most types of armour.
You have claws for hands.
Your metabolism is lightning-fast.
You like to eat raw meat.
Your natural rate of healing is unusually fast.
You are covered in fur. (AC +1)
You have extremely tough skin. (AC +3)


Message History

You mangle Jorgrun!!
Jorgrun is heavily wounded.
Jorgrun hits you with a +0 quarterstaff of crushing!
You have turned to stone.
Jorgrun hits you with a +0 quarterstaff of crushing!
Jorgrun casts a spell at you.
Jorgrun hits you with a +0 quarterstaff of crushing!!
Jorgrun hits you but does no damage.
Jorgrun hits you with a +0 quarterstaff of crushing!!
Jorgrun hits you with a +0 quarterstaff of crushing!
Jorgrun hits you with a +0 quarterstaff of crushing! x2
Jorgrun casts a spell at you. The iron shot hits you!!
* * * LOW HITPOINT WARNING * * *
You turn to flesh and can move again.
You claw Jorgrun!
Jorgrun is heavily wounded.
Jorgrun casts a spell at you. The iron shot hits you!!
You die...

##...Z##
##...#########
#.#.#.##.....##
#.#.........#..#
#.
#.......##.### #
#.o.....##.#.#
#oZo...#..#.##
##g######..#.#
#@# #.#.##
#.#### ##.#.#
#....## ##'##
####..# #..#
##.# #..#
#####'######
#.......#
#.......#
#.......+


You could see Jorgrun, an orc warrior, 2 orcs and a centaur warrior zombie.

Vanquished Creatures
  Erica (D:10)
  Nergalle (D:10)
  2 gargoyles
  A kobold demonologist (D:11)
  A troll (D:12)
  2 hornets (D:12)
  Prince Ribbit (D:7)
  A hippogriff (D:8)
  4 slime creatures
  A wraith (D:10)
  Eustachio (D:6)
  7 yaks (D:9)
  3 wargs (D:8)
  An acid dragon (D:11)
  A soldier ant (D:12)
  A swamp drake (D:11)
  An eye of draining (D:9)
  4 orc warriors
  3 phantoms
  2 sky beasts
  3 ice beasts
  A necrophage (D:9)
  5 ogres
  A black bear (D:11)
  4 centaurs
  A crocodile (Sewer)
  18 big kobolds
  8 bullfrogs
  6 scorpions
  2 water moccasin skeletons
  9 wights
  8 killer bees
  3 howler monkeys (D:8)
  6 crimson imps
  2 bullfrog zombies
  4 hounds
  6 jellies
  13 orc wizards
  A bullfrog skeleton (D:6)
  8 orc priests
  A gnoll shaman (D:5)
  A centaur skeleton (D:5)
  4 iguanas
  11 worker ants
  A killer bee zombie (D:7)
  A hound skeleton (D:6)
  9 gnolls
  15 adders
  4 shadow imps
  6 oozes
  An adder zombie (D:5)
  5 worms
  An adder skeleton (D:4)
  A dart slug (D:5)
  5 leopard geckos
  43 orcs
  9 bats
  5 giant cockroaches
  5 goblins
  5 hobgoblins
  21 jackals
  30 kobolds
  4 quokkas
  3 ball pythons
  4 frilled lizards
  A jackal skeleton (D:5)
  13 kobold skeletons (D:11)
  5 kobold zombies (D:11)
  2 quokka skeletons
  8 rats
372 creatures vanquished.

Vanquished Creatures (collateral kills)
  A hydra (D:11)
1 creature vanquished.

Vanquished Creatures (others)
  A cyclops (D:11)
  A leopard gecko (D:9)
  2 kobolds (D:11)
  3 fungi (D:5)
  4 toadstools (D:5)
11 creatures vanquished.

Grand Total: 384 creatures vanquished

Notes
Turn   | Place    | Note
-------+----------+-------------------------------------------
     0 | D:1      | Mrkan the Troll Monk began the quest for the Orb.
     0 | D:1      | Reached XP level 1. HP: 22/22 MP: 0/0
   148 | D:1      | Reached XP level 2. HP: 29/29 MP: 1/1
   357 | D:1      | Reached XP level 3. HP: 27/36 MP: 2/2
   737 | D:2      | Found a glowing golden altar of the Shining One.
   749 | D:2      | Became a worshipper of the Shining One
   749 | D:2      | Reached * piety under the Shining One
   749 | D:2      | Reached ** piety under the Shining One
   800 | D:2      | Found a stormy altar of Qazlal.
  1315 | D:3      | Reached XP level 4. HP: 37/45 MP: 3/3
  1381 | D:3      | Found a runed translucent door.
  1453 | D:3      | Found a bloodstained altar of Trog.
  1464 | D:3      | Reached skill level 5 in Unarmed Combat
  1525 | D:3      | Reached XP level 5. HP: 53/53 MP: 4/4
  1644 | D:3      | Found a faded altar of an unknown god.
  1685 | D:3      | Found an opulent altar of Gozag.
  1897 | D:3      | Noticed plexdo's ghost (amateur DrTm)
  1912 | D:4      | Noticed an ogre
  1916 | D:4      | Killed an ogre
  1951 | D:4      | Noticed a phantom
  1968 | D:4      | Killed a phantom
  1968 | D:4      | Reached XP level 6. HP: 62/62 MP: 5/5
  2340 | D:4      | Reached XP level 7. HP: 69/71 MP: 6/6
  2434 | D:5      | Entered Level 5 of the Dungeon
  2507 | D:5      | Reached *** piety under the Shining One
  2568 | D:5      | Found Lithruing's Assorted Antiques.
  2908 | D:5      | Found a glowing drain.
  2921 | Sewer    | Entered a sewer
  2925 | Sewer    | Reached skill level 5 in Fighting
  2963 | Sewer    | Reached XP level 8. HP: 40/80 MP: 7/7
  3098 | D:5      | Noticed a slime creature
  3099 | D:5      | Noticed a slime creature
  3114 | D:5      | Killed a slime creature
  3135 | D:5      | Killed a slime creature
  3345 | D:6      | Noticed Eustachio
  3363 | D:6      | Killed Eustachio
  3363 | D:6      | Reached skill level 10 in Unarmed Combat
  3363 | D:6      | Reached XP level 9. HP: 54/89 MP: 8/8
  3600 | D:6      | Reached skill level 1 in Invocations
  3682 | D:6      | Reached **** piety under the Shining One
  4036 | D:7      | Noticed Prince Ribbit
  4038 | D:7      | Found a staircase to the Ecumenical Temple.
  4045 | D:7      | Killed Prince Ribbit
  4572 | D:7      | Found a shimmering blue altar of Sif Muna.
  4677 | D:8      | Reached skill level 5 in Invocations
  4679 | D:8      | Found a white marble altar of Elyvilon.
  4872 | D:8      | Found a staircase to the Lair.
  5121 | D:8      | Reached XP level 10. HP: 95/102 MP: 13/13
  5697 | D:9      | Reached ***** piety under the Shining One
  5890 | D:9      | Found a roughly hewn altar of Beogh.
  6263 | D:9      | Found Raqem's Magic Scroll Shop.
  6732 | D:10     | Entered Level 10 of the Dungeon
  6750 | D:10     | Identified a scroll of acquirement
  6978 | D:10     | Noticed a gargoyle
  6983 | D:10     | Killed a gargoyle
  6983 | D:10     | Reached skill level 1 in Shields
  6987 | D:10     | Noticed Nergalle
  6989 | D:10     | Noticed a gargoyle
  6993 | D:10     | Killed Nergalle
  7011 | D:9      | Reached XP level 11. HP: 29/113 MP: 16/16
  7025 | D:9      | HP: 5/113 [poisoned by a killer bee]
  7030 | D:9      | HP: 5/113 [poisoned by a killer bee]
  7035 | D:9      | HP: 5/113 [poisoned by a killer bee]
  7747 | D:10     | Noticed Erica
  7758 | D:10     | Killed Erica
  8306 | D:11     | Found an ancient bone altar of Kikubaaqudgha.
  8354 | D:11     | Reached skill level 10 in Invocations
  8393 | D:11     | Reached ****** piety under the Shining One
  8699 | D:11     | Noticed an eight-headed hydra
  8712 | D:11     | HP: 2/115 [nine-headed hydra (10)]
  8714 | D:11     | Killed a nine-headed hydra
  9404 | D:11     | Found a staircase to the Orcish Mines.
  9969 | D:12     | Paralysed by a hornet for 3 turns
 10169 | D:12     | Noticed Jorgrun
 10205 | D:12     | Killed from afar by Jorgrun

Levels and vault maps discovered:
D:1:      kennysheep_arrival_seaside, layout_basic
D:2:      layout_loops_ring, nicolae_qazlal_general_emergency,
          nicolae_tso_swordbearing_angel
D:3:      layout_rooms, bloody_trog, lemuel_doored_altar, gammafunk_ghost_grave,
          chequers_ecumenical_altar_twisty, first_ration, minmay_misc_feat_rows
D:4:      minmay_recursive_quarters, layout_loops_cross, lemuel_crystal_altar
D:5:      cheibrodos_fertilizer, layout_basic, serial_shops, shop,
          portal_sewer_entry_d
D:6:      layout_cave_pools, chequers_jeans, uniq_eustachio
D:7:      layout_loops_ring, led_sif_pool, minmay_temple_entry_sparse_star,
          uniq_prince_ribbit1
D:8:      layout_gridville, elyvilon_altar_5, erik_lair_orcish_takeover
D:9:      layout_long_grid, special_room [special_room_orc], serial_shops, shop
D:10:     layout_long_grid, uniq_nergalle, uniq_erica
D:11:     wander_kiku_kobolds, layout_stronghold, erik_orc_1
D:12:     layout_roguey, serial_shops, shop, hangedman_pestilent_swarm,
          minivault_22, uniq_frances, uniq_jorgrun

Skill      XL: |  1  2  3  4  5  6  7  8  9 10 11 |
---------------+----------------------------------+-----
Unarmed Combat | 4 5 6 8 10 | 10.1
Fighting       | 3 4 5 6 7 8 9 |  9.4
Invocations    | 6 9 10 | 10.7
Shields        | 1 4 |  4.0
Dodging        | |  2.4
Stealth        | |  1.0

Action                   |  1- 3 |  4- 6 |  7- 9 | 10-12 || total
-------------------------+-------+-------+-------+-------++-------
Melee: Unarmed           |    99 |   103 |   298 |   491 ||   991
       Punch             |     2 |     4 |    12 |     7 ||    25
Invok: Summon Divine War |       |       |       |     1 ||     1
  Use: Scroll            |       |       |       |    15 ||    15
       Potion            |       |       |       |     2 ||     2
 Stab: Sleeping          |     1 |       |       |       ||     1
  Eat: Chunk             |    15 |    11 |    26 |    45 ||    97
Armor: Robe              |    58 |    42 |   125 |   124 ||   349
Dodge: Dodged            |    76 |    53 |   118 |   180 ||   427
Block: Other             |     3 |    10 |    52 |    10 ||    75
       Reflection        |       |       |     5 |    20 ||    25
       Large shield      |       |       |       |   384 ||   384
